 Dungeon Crawl Stone Soup version 0.31-a0-841-g038b102fc3 (webtiles) character file.

Game seed: 12085529304850810095

28 Shayle the Conjurer (level 2, -1/23 HPs)
             Began as a Demonspawn Reaver on Sept 28, 2023.
             Slain by a worm (4 damage)
             ... on level 2 of the Dungeon.
             The game lasted 00:01:36 (793 turns).

Shayle the Conjurer (Demonspawn Reaver)              Turns: 793, Time: 00:01:37

Health: -1/23      AC:  6    Str: 12    XL:     2   Next: 96%
Magic:  5/5        EV:  9    Int: 14    God:
Gold:   55         SH:  7    Dex: 11    Spells: 4/5 levels left

rFire   . . .        a - +0 spear
rCold   . . .        m - +0 kite shield
rNeg    + . .        n - +1 leather armour {Will+}
rPois   .            f - +0 helmet
rElec   .            (no cloak)
rCorr   .            h - +0 pair of gloves
SInv    .            (no boots)
Will    +....        (no amulet)
Stlth   +            c - ring of positive energy
HPRegen 0.23/turn    (no ring)
MPRegen 0.09/turn

%: no passive effects
@: no status effects
A: ignite blood 1
a: no special abilities


You were on level 2 of the Dungeon.
You visited 1 branch of the dungeon, and saw 2 of its levels.

You collected 55 gold pieces.

Inventory:

Hand Weapons
 a - a +0 spear (weapon)
Missiles
 o - 2 curare-tipped darts
Armour
 b - a +0 leather armour
 d - a +0 ring mail
 f - a +0 helmet (worn)
 h - a +0 pair of gloves (worn)
 m - a +0 kite shield (worn)
 n - a +1 leather armour of willpower (worn)
Jewellery
 c - a ring of positive energy (left hand)
 g - a ring of ice
Scrolls
 e - a scroll of immolation {unknown}
 j - a scroll of vulnerability {unknown}
 k - a scroll of enchant weapon {unknown}
Potions
 i - a potion of heal wounds {unknown}
 l - a potion of degeneration {unknown}


   Skills:
 + Level 2.5 Fighting
 - Level 2.6 Polearms
 + Level 1.0 Armour
 - Level 1.7 Dodging
 + Level 0.3 Shields
 - Level 2.0 Spellcasting
 - Level 3.0 Conjurations
 + Level 1.5 Necromancy


You had 4 spell levels left.
You knew the following spells:

 Your Spells              Type           Power      Damage    Failure   Level
a - Kiss of Death         Conj/Necr      28%        2d7       47%         1

Your spell library contained the following spells:

 Spells                   Type           Power      Damage    Failure   Level
 Momentum Strike          Conj/Tloc      10%        3d8       73%         2
 Slow                     Hex            4%         N/A       80%         1
 Hailstorm                Conj/Ice       5%         3d4       91%         3
 Vampiric Draining        Necr           5%         2d6       91%         3
 Confusing Touch          Hex            1%         N/A       99%         3
 Sigil of Binding         Hex            1%         N/A       99%         3


Dungeon Overview and Level Annotations

Branches:
Dungeon (2/15)

Altars:


Innate Abilities, Weirdness & Mutations

Your demonic aura sometimes causes spilled blood to erupt in flames.


Message History

You continue taking off your +0 ring mail. x4
You finish taking off your +0 ring mail.
You start putting on your armour.
You continue putting on your +1 leather armour of willpower. x5
You finish putting on your +1 leather armour of willpower.
You feel strong-willed.
You see here 2 curare-tipped darts.
o - 2 curare-tipped darts A worm comes into view.
A worm is nearby!
You completely miss the worm.
A worm is nearby!
You barely miss the worm. The worm bites you but does no damage.
A worm is nearby!
You barely miss the worm. The worm bites you!
A worm is nearby!
A worm is nearby!
You hit the worm.
The worm is moderately wounded.
You block the worm's attack.
A worm is nearby!
You hit the worm.
The worm is moderately wounded.
A worm is nearby!
You hit the worm but do no damage.
The worm is moderately wounded.
The worm bites you!
You hit the worm.
The worm is moderately wounded.
You block the worm's attack.
You hit the worm.
The worm is heavily wounded.
You hit the worm.
The worm is heavily wounded.
The worm bites you.
* * * LOW HITPOINT WARNING * * *
You hit the worm.
The worm is heavily wounded.
The worm bites you.
You die...

≈≈~PP~...#.###.# #.#
≈PPP~P...#...#.# #.#
~PP~P~P..#...#.# #.#
~~~P~~~..#...#.# #.#
~~~P~~...#.###.####'####
~~~P~PP....# #.##.......
♣###.......# #.......
#...###...# #.......
#..##.w@.#.# #.......
..# #.####+# +....... ##
#. #....... .. #.......
## #.......


You could see a worm.

Vanquished Creatures
  An adder (D:2)
  5 bats
  2 endoplasms (D:1)
  A goblin (D:2)
  2 jackals (D:1)
  A quokka (D:2)
  2 ball pythons (D:1)
  A kobold (D:1)
  2 rats (D:2)
17 creatures vanquished.

Notes
Turn   | Place    | Note
-------+----------+-------------------------------------------
     0 | D:1      | Shayle the Demonspawn Reaver began the quest for the Orb.
     0 | D:1      | Reached XP level 1. HP: 16/16 MP: 3/3
   243 | D:1      | Reached skill level 1 in Necromancy
   243 | D:1      | Gained mutation: Your demonic aura sometimes causes spilled
                  | blood to erupt in flames. [demonic ancestry]
   243 | D:1      | Reached XP level 2. HP: 22/22 MP: 5/5
   754 | D:2      | Reached skill level 1 in Armour
   793 | D:2      | Slain by a worm

Illustrated notes

Levels and vault maps discovered:
D:1:      saegor_arrival_simple_e, layout_rooms
D:2:      cheibrodos_old_hovel, layout_basic, serial_bayou, serial_bayou_pond_d,
          serial_bayou_shore_a, serial_bayou_lagoon_a, serial_bayou_crossing

Skill      XL: |  1  2 |
---------------+-------+-----
Necromancy     | 1 |  1.5
Armour         | 1 |  1.0
Fighting       | |  2.5
Polearms       | |  2.6
Dodging        | |  1.7
Shields        | |  0.3
Spellcasting   | |  2.0
Conjurations   | |  3.0

Action                     || total
---------------------------++-------
  Melee: Spear             ||    89
 Armour: Leather armour    ||    23
         Ring mail         ||    28
  Dodge: Dodged            ||    39
  Block: Kite shield       ||    13

Table legend: (Time is in decaauts)
 A = Elapsed time spent in this place.
 B = Non-inter-level travel time spent in this place.
 C = Inter-level travel time spent in this place.
 D = Time resting spent in this place.
 E = Time spent auto-exploring this place.
 F = Levels seen in this place.
 G = Mean time per level.
                   A        B        C        D        E       F      G
               +--------+--------+--------+--------+--------+-----+--------+
         Total |    798 |    792 |      6 |      0 |    553 |   2 |  399.0 |
       Dungeon |    798 |    792 |      6 |      0 |    553 |   2 |  399.0 |
               +--------+--------+--------+--------+--------+-----+--------+

Top non-repeatable levels by time:
     D:1: 525 daAuts
     D:2: 273 daAuts
